 Dungeon Crawl Stone Soup version 0.19.1 (webtiles) character file.

67 Faustar the Cudgeler (level 4, -4/28 HPs)
             Began as a Gargoyle Fighter on Dec 24, 2016.
             Slain by Faustar's ghost (10 damage)
             ... on level 3 of the Dungeon.
             The game lasted 00:03:19 (1770 turns).

Faustar the Cudgeler (Gargoyle Fighter)             Turns: 1770, Time: 00:03:19

Health: -4/28      AC: 16    Str: 21    XL:     4   Next: 16%
Magic:  4/4        EV:  7    Int:  8    God:
Gold:   106        SH:  9    Dex:  9    Spells: 0 memorised, 3 levels left

rFire  . . .     SeeInvis .     a - +0 flail
rCold  . . .     Gourm    .     b - +0 scale mail
rNeg   + . .     Faith    .     c - +0 shield
rPois  ∞         Spirit   .     q - +2 hat
rElec  +         Reflect  .     (no cloak)
rCorr  .         Harm     .     t - +0 pair of gloves
MR     .....                    n - +2 pair of boots
Stlth  ..........               (no amulet)
                                (no ring)
                                (no ring)

@: no status effects
A: negative energy resistance 1, electricity resistance, unbreathing,
petrification resistance, rot immunity, AC +3
a: no special abilities


You were on level 3 of the Dungeon.
You were not hungry.

You visited 1 branch of the dungeon, and saw 3 of its levels.

You collected 106 gold pieces.

Inventory:

Hand Weapons
 a - a +0 flail (weapon)
Armour
 b - a +0 scale mail (worn)
 c - a +0 shield (worn)
 n - a +2 pair of boots (worn)
 q - a +2 hat (worn)
 t - a +0 pair of gloves (worn)
Scrolls
 e - 3 scrolls of identify {unknown}
 k - a scroll of recharging {unknown}
 p - a scroll of amnesia {unknown}
 r - 2 scrolls of immolation {unknown}
 s - a scroll of enchant armour {unknown}
Potions
 d - a potion of might
 g - a potion of cancellation {unknown}
 h - a potion of agility {unknown}
 j - a potion of resistance {unknown}
 l - 2 potions of lignification {unknown}
 m - 3 potions of heal wounds {unknown}
 u - a potion of curing {unknown}
 v - a potion of magic {unknown}
 w - a potion of berserk rage {unknown}
Books
 y - a book of Minor Magic

   Spells                             Type                      Level
   a - Magic Dart                     Conjuration                  1
   b - Blink                          Translocation                2
   c - Call Imp                       Summoning                    2
   d - Repel Missiles                 Charms/Air                   2
   e - Slow                           Hexes                        2
   f - Conjure Flame                  Conjuration/Fire             3
   g - Mephitic Cloud                 Conjuration/Poison/Air       3
Comestibles
 f - 2 bread rations
 i - a meat ration
 o - a beef jerky
 x - a chunk of flesh


   Skills:
 - Level 3.2 Fighting
 + Level 4.3 Maces & Flails
 - Level 3.2 Armour
 - Level 3.2 Shields


You had 3 spell levels left.
You didn't know any spells.

Dungeon Overview and Level Annotations

Branches:
Dungeon (3/15)

Altars:
Cheibriados
Elyvilon
Fedhas

Annotations:
D:3 Faustar's ghost, amateur GrFi


Innate Abilities, Weirdness & Mutations

You are resistant to torment.
Your stone body is resilient. (AC +3)
You are immune to poison.
You resist negative energy. (rN+)
You are resistant to electric shocks. (rElec)
You can survive without breathing.
You are immune to petrification.
You are immune to rotting.


Message History

Faustar's ghost is moderately damaged.
Faustar's ghost hits you! The orc hits you but does no damage.
You closely miss Faustar's ghost.
Faustar's ghost is moderately damaged.
You block Faustar's ghost's attack. The orc hits you but does no damage.
Faustar's ghost barely misses you.
You barely miss Faustar's ghost.
Faustar's ghost is moderately damaged.
The orc hits you with a dagger.
* * * LOW HITPOINT WARNING * * *
Faustar's ghost hits you.
* * * LOW HITPOINT WARNING * * *
You block the orc's attack.
Unknown command.
Press: ? - help, v - describe, . - travel
Here: Faustar's ghost (moderately damaged)
The floor.
There is a stone staircase leading up here.
Faustar's ghost hits you!
You die...

..'....#..###.###.......
..######....#.#.'.......
. ##......#.#.......
#.(...#.#.#.......
+†....#.#.#(......
#..o..#.#.#######. #
+.......#.# #.
#.#W..##..#.# #.
#..@#.......# #.
########..### #.
#........># ###.
#....###### #... #....#
#... #....##### #...
#....'...# #...
#....###.# #### #.#'##
#.#


You could see Faustar's ghost and an orc.

Vanquished Creatures
  An adder (D:2)
  A dart slug (D:2)
  A ball python (D:3)
  3 giant cockroaches
  6 hobgoblins
  8 jackals (D:2)
  6 kobolds
  10 bats
  5 frilled lizards
  4 goblins (D:1)
  7 rats
52 creatures vanquished.

Notes
Turn   | Place    | Note
-------+----------+-------------------------------------------
     0 | D:1      | Faustar the Gargoyle Fighter began the quest for the Orb.
     0 | D:1      | Reached XP level 1. HP: 14/14 MP: 1/1
   121 | D:1      | Reached XP level 2. HP: 19/19 MP: 2/2
   447 | D:1      | Reached skill level 3 in Maces & Flails
   822 | D:2      | Reached XP level 3. HP: 22/23 MP: 3/3
  1004 | D:2      | Reached skill level 4 in Maces & Flails
  1413 | D:3      | Reached XP level 4. HP: 28/28 MP: 4/4
  1577 | D:3      | Found a white marble altar of Elyvilon.
  1733 | D:3      | Found a blossoming altar of Fedhas.
  1734 | D:3      | Found a snail-covered altar of Cheibriados.
  1734 | D:3      | Noticed Faustar's ghost (amateur GrFi)
  1770 | D:3      | Slain by Faustar's ghost

Skill      XL: |  1  2  3 |
---------------+----------+-----
Maces & Flails | 3 4 |  4.3
Fighting       | |  3.2
Armour         | |  3.2
Shields        | |  3.2

Action                   |  1- 3 |  4- 6 || total
-------------------------+-------+-------++-------
Melee: Flail             |   180 |    54 ||   234
  Eat: Chunk             |     1 |     2 ||     3
Armor: Scale mail        |   143 |    27 ||   170
Dodge: Dodged            |    76 |    11 ||    87
Block: Shield            |   123 |    41 ||   164
